 Dungeon Crawl Stone Soup version 0.19-a0-27-g415f530 (webtiles) character file.

11944 namelastname112 the Pioneer (level 11, -7/100 HPs)
             Began as a Deep Dwarf Fighter on May 1, 2016.
             Was an Elder of Pakellas.
             Mangled by a porcupine (8 damage)
             ... on level 1 of the Lair of Beasts.
             The game lasted 00:28:44 (10224 turns).

namelastname112 the Pioneer (Deep Dwarf Fighter)   Turns: 10224, Time: 00:28:46

Health: -7/100     AC: 20    Str: 30    XL:     11   Next: 56%
Magic:  3/19       EV: 14    Int:  9    God:    Pakellas [****..]
Gold:   549        SH: 12    Dex: 12    Spells: 0 memorised, 10 levels left

rFire  . . .     SeeInvis .     a - +0 war axe
rCold  + . .     Gourm    .     o - +4 ring mail of Resilience {Str+7}
rNeg   . . .     Faith    .     c - +0 shield
rPois  .         Spirit   .     (no helmet)
rElec  .         Dismiss  .     u - +2 cloak
rCorr  .         Reflect  .     t - +1 pair of gloves
SustAt .         Harm     .     O - +2 pair of boots
MR     ++...                    (no amulet)
Stlth  +.........               r - ring of protection from magic
                                j - ring of protection from cold

@: non-regenerating, very resistant to hostile enchantments, very unstealthy
A: damage resistance, recharge devices, sense surroundings 2, slow regeneration
3
a: Device Recharging, Quick Charge, Device Surge, Renounce Religion


You were on level 1 of the Lair of Beasts.
You worshipped Pakellas.
Pakellas was greatly pleased with you.
You were not hungry.

You visited 4 branches of the dungeon, and saw 16 of its levels.

You collected 719 gold pieces.
You spent 170 gold pieces at shops.

Inventory:

Hand Weapons
 a - a +0 war axe (weapon)
Armour
 c - a +0 shield (worn)
 o - the +4 ring mail of Resilience (worn) {Str+7}
   (You found it on level 7 of the Dungeon)

   It affects your strength (+7).
 t - a +1 pair of gloves (worn)
 u - a +2 cloak (worn)
 O - a +2 pair of boots (worn)
Jewellery
 j - a ring of protection from cold (left hand)
 r - a ring of protection from magic (right hand)
 v - the ring "Fosaost" {-Tele rElec rN+ SInv}
   (You found it on level 9 of the Dungeon)

   [ring of positive energy]

   It insulates you from electricity.
   It protects you from negative energy.
   It lets you see invisible.
   It prevents most forms of teleportation.
Wands
 b - a wand of lightning (0/15)
 e - a wand of heal wounds (0/9)
 n - a wand of random effects (7/48)
 C - a wand of slowing (5/48)
 E - a wand of iceblast (0/15)
 H - a wand of acid (9/15)
Scrolls
 h - a scroll of recharging
 i - 4 scrolls of remove curse
 G - a scroll of magic mapping
 J - 2 scrolls of teleportation {unknown}
 M - a scroll of fear {unknown}
 N - a scroll of brand weapon {unknown}
Potions
 d - 5 potions of curing
 k - a potion of invisibility
 w - a potion of lignification
 x - a potion of berserk rage
 B - a potion of agility
 D - 2 potions of flight
 I - a potion of brilliance
Books
 A - a book of Changes

   Spells                             Type                      Level
   a - Beastly Appendage              Transmutation                1
   b - Sticks to Snakes               Transmutation                2
   c - Spider Form                    Transmutation/Poison         3
   d - Ice Form                       Ice/Transmutation            4
   e - Blade Hands                    Transmutation                5
 F - Sif Muna's Incunabulum of Dislocation
   (You found it on level 9 of the Dungeon)

   Spells                             Type                      Level
   a - Apportation                    Translocation                1
Miscellaneous
 l - a disc of storms
 z - a sack of spiders {used: 1}
Comestibles
 f - 7 bread rations
 g - 2 beef jerkies
 m - 4 meat rations
 q - 3 chunks of flesh


   Skills:
 + Level 7.0 Fighting
 + Level 9.3 Axes
 + Level 8.6 Armour
 + Level 7.9 Dodging
 + Level 8.7 Shields
 * Level 10.8 Evocations


You had 10 spell levels left.
You didn't know any spells.

Dungeon Overview and Level Annotations

Branches:
Dungeon (12/15)            Temple (1/1) D:6            Lair (1/8) D:8
    Orc (2/2) D:10
    Elf: Orc:2

Altars:
Ashenzari
Cheibriados
Dithmenos
Elyvilon
Fedhas
Gozag
Kikubaaqudgha
Makhleb
Nemelex Xobeh
Okawaru
Pakellas
Qazlal
Ru
Sif Muna
Trog
Vehumet
Xom
Yredelemnul
Zin
The Shining One

Shops:
D:4 *   D:7 }

Annotations:
D:12 Erolcha


Innate Abilities, Weirdness & Mutations

You are resistant to damage.
You can recharge devices by infusing magical energy.
You passively map the area around you.
You do not regenerate naturally.


Message History

You block the porcupine's attack. The crocodile closely misses you.
You take 3 damage, and have 22/100 hp.
You slash the crocodile!
You kill the crocodile!
Pakellas accepts your kill.
You feel your power returning.
You hit the porcupine.
The porcupine is severely wounded.
You block the porcupine's attack.
You hit the porcupine but do no damage.
The porcupine is severely wounded.
You block the porcupine's attack. The porcupine bites you!
* * * LOW HITPOINT WARNING * * *
You take 10 damage, and have 12/100 hp.
You are struck by the porcupine's spines.
* * * LOW HITPOINT WARNING * * *
You hit the porcupine but do no damage.
The porcupine is severely wounded.
The porcupine bites you!
You die...
Pakellas says: Time to start the next experiment...

* # *
*#.####### *
** *.?....#.#
* , *
#.....†r### *
*
*.......†@.##
, , ,
#.......<..#
,
#..........#
,, , *
#.........##
, , *
#.........# *
, *
#.........# *
* #.........#
,,*,* * ,
#........##
,,** ,
........# * *
,


You could see a porcupine.

Vanquished Creatures
  A hydra (D:11)
  Erica (D:8)
  2 unseen horrors (D:11)
  2 hill giants (D:10)
  A manticore (D:11)
  A cyclops (D:11)
  A troll (D:11)
  Prince Ribbit (D:8)
  Sigmund (D:2)
  3 yaks (D:11)
  2 wyverns
  A hungry ghost (D:8)
  Eustachio (D:4)
  4 hippogriffs
  A basilisk (D:11)
  A warg (Orc:1)
  A black bear (D:8)
  2 ice beasts
  6 orc warriors
  A phantom (D:9)
  A sky beast (D:8)
  4 wolves (Lair:1)
  A wasp (D:10)
  6 ogres
  10 centaurs
  A big kobold (D:11)
  A crocodile (Lair:1)
  4 giant frogs
  A water moccasin zombie (D:7)
  3 scorpions
  A wyvern skeleton (D:10)
  5 killer bees (D:10)
  3 wights (D:8)
  2 howler monkeys
  3 crimson imps
  7 hounds
  A quasit (D:9)
  4 giant frog zombies
  Crazy Yiuf (D:2)
  A gnoll shaman (Orc:1)
  7 orc priests
  A jelly (D:5)
  An iguana (D:4)
  Natasha (twice) (D:4)
  2 giant frog skeletons
  13 orc wizards
  8 worker ants
  Terence (D:3)
  4 sheep (D:11)
  A hound zombie (D:8)
  Robin (D:4)
  5 gnolls (Orc:1)
  11 adders
  4 shadow imps
  3 oozes
  6 worms
  3 adder skeletons
  3 dart slugs
  6 giant geckos
  45 orcs
  A ball python (D:3)
  5 bats
  8 giant cockroaches
  9 hobgoblins
  4 jackals (D:7)
  4 quokkas
  A giant gecko zombie (D:5)
  6 giant newts
  12 goblins
  12 kobolds
  A quokka skeleton (D:5)
  9 rats
  A fungus (D:2)
294 creatures vanquished.

Notes
Turn   | Place    | Note
--------------------------------------------------------------
     0 | D:1      | namelastname112 the Deep Dwarf Fighter began the quest for the Orb.
     0 | D:1      | Reached XP level 1. HP: 20/20 MP: 1/1
     0 | D:1      | incide: нубжке: десять раз выиграть комбу с первого раза
    41 | D:1      | barb4r1an: лол
    54 | D:1      | barb4r1an: ты фиданул?
    77 | D:1      | barb4r1an: как так то?
   110 | D:1      | no0bjke: в зигах
   112 | D:1      | Reached XP level 2. HP: 27/27 MP: 2/2
   145 | D:1      | no0bjke: на муммиях
   290 | D:1      | barb4r1an: обидно
   305 | D:1      | namelastname112: да похуй
   408 | D:1      | namelastname112: не в первый раз
   408 | D:1      | xeno23: ддфи
   408 | D:1      | namelastname112: и не в последний
   408 | D:1      | xeno23: ебать ты кэжул
   438 | D:1      | namelastname112: лел
   438 | D:1      | incide: кэжул - это дефе
   438 | D:1      | xeno23: поди еще и хлебушек
   438 | D:1      | namelastname112: у меня ни одного дд не выиграно
   454 | D:1      | barb4r1an: дд кэжул?
   613 | D:1      | incide: ддфи
   653 | D:1      | incide: другие дд такое
   802 | D:1      | incide: зависит
   811 | D:1      | Reached XP level 3. HP: 28/34 MP: 3/3
   864 | D:2      | barb4r1an: щас бы раса которая не может в реген была кэжул
   899 | D:2      | Found an opulent altar of Gozag.
  1016 | D:2      | incide: ну чо, гозага
  1017 | D:2      | xeno23: ддне поинтересней играть
  1084 | D:2      | xeno23: вампириком хилиться
  1127 | D:2      | Reached skill level 1 in Dodging
  1129 | D:2      | Noticed Sigmund
  1141 | D:2      | Killed Sigmund
  1141 | D:2      | Reached XP level 4. HP: 39/42 MP: 4/4
  1141 | D:2      | Reached XP level 5. HP: 46/49 MP: 5/5
  1311 | D:2      | You fall through a shaft for 2 floors!
  1312 | D:4      | Found Tunes's Assorted Antiques.
  1313 | D:4      | xeno23: мм
  1386 | D:2      | barb4r1an: там же был ебанько
  1390 | D:2      | barb4r1an: с плащиком
  1504 | D:2      | Noticed Crazy Yiuf
  1516 | D:2      | Killed Crazy Yiuf
  1698 | D:3      | incide: он еще когда-то молотки коллекционировал
  1705 | D:3      | Reached XP level 6. HP: 51/56 MP: 6/6
  1716 | D:3      | incide: пока их не выпилили
  1724 | D:3      | namelastname112: бля
  1724 | D:3      | namelastname112: охуеть у дд хп
  1804 | D:3      | Noticed Terence
  1814 | D:3      | Killed Terence
  2316 | D:4      | Bought a scroll labeled QONLEI MOVOTUA for 22 gold pieces
  2316 | D:4      | Bought a scroll labeled ROBLIAR WUJOSO for 22 gold pieces
  2316 | D:4      | Bought a puce potion for 19 gold pieces
  2316 | D:4      | Bought a scroll labeled CIRPHI QULAE for 22 gold pieces
  2316 | D:4      | Bought a sedimented orange potion for 19 gold pieces
  2316 | D:4      | Bought a scroll labeled KEXIR SIUCIPT for 22 gold pieces
  2316 | D:4      | Bought a scroll labeled QONLEI MOVOTUA for 22 gold pieces
  2316 | D:4      | Bought a scroll labeled JUYFFIOCAA for 22 gold pieces
  2451 | D:4      | Noticed Robin
  2452 | D:4      | Noticed Natasha
  2466 | D:4      | Killed Robin
  2468 | D:4      | Killed Natasha
  2474 | D:4      | Reached skill level 5 in Axes
  2474 | D:4      | Reached XP level 7. HP: 13/63 MP: 7/7
  2648 | D:4      | incide: ща еще хлеба возьмешь и вообще топчик
  2764 | D:4      | Noticed Eustachio
  2826 | D:4      | Killed Eustachio
  2862 | D:4      | Noticed Natasha
  2874 | D:4      | Killed Natasha
  3025 | D:5      | Entered Level 5 of the Dungeon
  3095 | D:5      | Found a white marble altar of Elyvilon.
  3114 | D:5      | Reached skill level 5 in Shields
  3150 | D:5      | Reached skill level 5 in Armour
  4099 | D:6      | Reached XP level 8. HP: 30/73 MP: 8/8
  4397 | D:5      | incide: там храм вверху слева
  4474 | D:6      | Found a staircase to the Ecumenical Temple.
  4481 | Temple   | Entered the Ecumenical Temple
  4643 | Temple   | incide: сасай
  4645 | Temple   | Became a worshipper of Pakellas the Inventive
  4660 | Temple   | barb4r1an: ооо
  4756 | D:6      | incide: а, ну или так
  4766 | D:6      | barb4r1an: это будет инетресно
  4769 | D:6      | incide: хотя пакистан такое себе
  4777 | D:6      | Reached skill level 1 in Evocations
  4778 | D:6      | incide: не покастуешь
  4795 | D:6      | namelastname112: >дд в пелйте
  4795 | D:6      | namelastname112: плейте
  4795 | D:6      | namelastname112: >кастовать
  4801 | D:7      | incide: ну блинки там
  4818 | D:7      | incide: миссл
  4826 | D:7      | incide: мелкие полезности
  4892 | D:7      | Reached skill level 2 in Evocations
  4924 | D:7      | Found Usir's Gadget Emporium.
  4952 | D:7      | namelastname112: ммм
  4952 | D:7      | namelastname112: найс магаз
  4952 | D:7      | namelastname112: и шотган
  4952 | D:7      | namelastname112: и иннак
  4952 | D:7      | namelastname112: и теле
  4976 | D:7      | incide: шотган да
  5030 | D:7      | Reached skill level 5 in Fighting
  5030 | D:7      | Reached skill level 3 in Evocations
  5053 | D:7      | Reached * piety under Pakellas
  5053 | D:7      | Received a gift from Pakellas
  5149 | D:7      | incide: полезен до дептсов включительно
  5307 | D:7      | Got an encrusted ring mail
  5318 | D:7      | Identified the +4 ring mail of Resilience {Str+7} (You found it on level 7 of the Dungeon)
  5355 | D:8      | Reached skill level 5 in Dodging
  5355 | D:8      | Gained mutation: You passively map the area around you. [Deep Dwarf growth]
  5355 | D:8      | Reached XP level 9. HP: 56/81 MP: 5/11
  5375 | D:8      | Reached skill level 4 in Evocations
  5395 | D:8      | Noticed Prince Ribbit
  5425 | D:8      | Killed Prince Ribbit
  5562 | D:8      | Found a blossoming altar of Fedhas.
  5562 | D:8      | Found a stormy altar of Qazlal.
  5563 | D:8      | Found a shimmering altar of Xom.
  5591 | D:8      | Found a staircase to the Lair.
  5840 | D:8      | Reached skill level 5 in Evocations
  5933 | D:8      | Noticed Erica
  5953 | D:8      | Killed Erica
  5953 | D:8      | Reached skill level 6 in Evocations
  6059 | D:8      | Found a burning altar of Makhleb.
  6124 | D:9      | Got a wavering wooden ring
  6127 | D:9      | Identified the ring "Fosaost" {-Tele rElec rN+ SInv} (You found it on level 9 of the Dungeon)
  6174 | D:9      | incide: -теле
  6183 | D:9      | incide: смотри не сосни
  6204 | D:9      | xeno23: кольцо недолго снять
  6204 | D:9      | namelastname112: я снял
  6204 | D:9      | namelastname112: на случай николы оставил
  6204 | D:9      | namelastname112: оно все равно ниоч
  6215 | D:9      | xeno23: рн еще
  6375 | D:9      | Reached skill level 7 in Evocations
  6384 | D:9      | Reached XP level 10. HP: 23/91 MP: 15/15
  6394 | D:9      | xeno23: мм бля
  6397 | D:9      | Reached ** piety under Pakellas
  6397 | D:9      | Received a gift from Pakellas
  6404 | D:9      | HP: 4/91 [ogre/giant spiked club (19)]
  6406 | D:9      | xeno23: ты что с такими хп ходишь
  6528 | D:9      | incide: три рандарта до д9
  6530 | D:9      | Found a radiant altar of Vehumet.
  6530 | D:9      | Found an ancient bone altar of Kikubaaqudgha.
  6537 | D:9      | incide: охуеть
  6537 | D:9      | Found a deep blue altar of Sif Muna.
  6544 | D:9      | Identified Sif Muna's Incunabulum of Dislocation
  6593 | D:9      | Found a glowing silver altar of Zin.
  6718 | D:9      | incide: не, четыре, там еще даггер был
  6719 | D:10     | Entered Level 10 of the Dungeon
  6722 | D:10     | Noticed a hill giant
  6739 | D:10     | Killed a hill giant
  6739 | D:10     | Reached skill level 8 in Evocations
  6822 | D:10     | Noticed a hill giant
  6955 | D:10     | xeno23: ну потрать 1 поинт маны
  6955 | D:10     | Killed a hill giant
  6968 | D:10     | xeno23: речарджни норм
  7098 | D:10     | Found a staircase to the Orcish Mines.
  7205 | D:10     | namelastname112: а мне и так норм
  7271 | D:10     | xeno23: угу
  7325 | D:10     | xeno23: раз 5 чуть не сдох от гигантов и огров
  7568 | D:11     | Reached skill level 9 in Evocations
  7678 | D:11     | Reached *** piety under Pakellas
  7678 | D:11     | Received a gift from Pakellas
  7953 | D:11     | Noticed a cyclops
  7955 | D:11     | HP: 4/92 [cyclops/large rock (19)]
  7967 | D:11     | Killed a cyclops
  7967 | D:11     | Reached XP level 11. HP: 35/99 MP: 4/18
  8194 | D:11     | incide: на том колечке у тебя синв есть
  8194 | D:11     | incide: чо ты уродуешься
  8199 | D:11     | Noticed an unseen horror
  8202 | D:11     | Killed an unseen horror
  8205 | D:11     | namelastname112: сяпки
  8861 | D:11     | Noticed an eight-headed hydra
  8958 | D:11     | barb4r1an: там нубжке щас фиданет
  8958 | D:11     | Killed an eight-headed hydra
  8958 | D:11     | Reached skill level 10 in Evocations
  9290 | D:11     | Gained mutation: You are somewhat resistant to further mutation. [potion of mutation]
  9290 | D:11     | Gained mutation: You occasionally shout uncontrollably at your foes. [potion of mutation]
  9291 | D:11     | Gained mutation: Your body sometimes deteriorates upon taking damage. [potion of mutation]
  9292 | D:11     | Lost mutation: Your body sometimes deteriorates upon taking damage. [potion of cure mutation]
  9292 | D:11     | Lost mutation: You occasionally shout uncontrollably at your foes. [potion of cure mutation]
  9292 | D:11     | Lost mutation: You are somewhat resistant to further mutation. [potion of cure mutation]
  9361 | D:11     | Noticed an unseen horror
  9366 | D:11     | Killed an unseen horror
  9371 | D:12     | Noticed Erolcha
  9523 | D:12     | Noticed a purple ugly thing
  9591 | Orc:1    | Entered Level 1 of the Orcish Mines
  9696 | Orc:1    | Reached **** piety under Pakellas
  9696 | Orc:1    | Received a gift from Pakellas
  9792 | Orc:1    | namelastname112: лол пакеллас
  9792 | Orc:1    | namelastname112: где мой род
  9804 | Orc:2    | Entered Level 2 of the Orcish Mines
 10079 | Orc:1    | Noticed an orc sorcerer
 10079 | Orc:1    | Noticed an orc sorcerer
 10079 | Orc:1    | Noticed an orc warlord
 10190 | Lair:1   | Entered Level 1 of the Lair of Beasts
 10211 | Lair:1   | incide: о, кейв
 10224 | Lair:1   | HP: 1/100 [porcupine's spines (11)]
 10224 | Lair:1   | Mangled by a porcupine

Vault maps used:
D:1:      roderic_octagonal_star
D:2:      grunt_gozag_breadcrumbs, uniq_sigmund, uniq_crazy_yiuf_cottage
D:3:      uniq_terence
D:4:      first_bread, serial_shops, shop, uniq_eustachio, uniq_natasha,
          uniq_robin
D:5:      lemuel_doored_altar, kennysheep_decorative_pillar
D:6:      minmay_temple_entry_trees
D:7:      serial_shops, shop
D:8:      gammafunk_temple_overflow_claw, lemuel_crystal_altar, lair_0_dummy,
          uniq_prince_ribbit1, uniq_erica
D:9:      grunt_temple_overflow_magic_moments, lemuel_round_altar
D:10:     erik_orc_3
D:12:     serial_shops, nicolae_shop_temple_entry_statues_fountains,
          blue_anna_alchemist, roderic_hopi_sauvastika, evilmike_ruin_ashenzari,
          uniq_erolcha
Temple:   roderic_octagonal_lattice_temple
Lair:1:   portal_ice_cave_entry_ice_beasts, serial_bayou_shore_b, uniq_joseph,
          uniq_grum
Orc:1:    serial_shops, shop
Orc:2:    st_orc_ogre_mass, mines2_lemuel

Skill      XL: |  1  2  3  4  5  6  7  8  9 10 11 |
---------------+----------------------------------+-----
Fighting       | 3 4 5 6 7 |  7.0
Dodging        | 2 3 4 5 6 7 |  7.9
Axes           | 4 5 6 7 8 9 |  9.3
Armour         | 4 5 6 8 |  8.6
Shields        | 4 5 6 7 8 |  8.7
Evocations     | 3 7 9 10 | 10.8

Action                   |  1- 3 |  4- 6 |  7- 9 | 10-12 || total
-------------------------+-------+-------+-------+-------++-------
Melee: War axe           |    84 |   190 |   502 |   514 ||  1290
Invok: Quick Charge      |       |       |     2 |    12 ||    14
Evoke: Wand              |     1 |       |    18 |    34 ||    53
       Sack of spiders   |       |       |       |     2 ||     2
  Use: Potion            |     1 |       |     1 |     4 ||     6
       Scroll            |       |       |    19 |     3 ||    22
  Eat: Chunk             |     1 |     4 |    11 |    15 ||    31
       Fruit             |       |       |     2 |       ||     2
       Meat ration       |       |       |     1 |       ||     1
       Pizza             |       |       |     1 |       ||     1
Armor: Scale mail        |    26 |       |       |       ||    26
       Plate armour      |    20 |   146 |   260 |       ||   426
       Ring mail         |       |       |    54 |   211 ||   265
Dodge: Dodged            |    19 |    54 |   155 |   271 ||   499
Block: Shield            |    38 |   109 |   345 |   417 ||   909
